 Dungeon Crawl Stone Soup version 0.20-a0-645-g0ac6e19 (webtiles) character file.

3434 jfizz the Slicer (level 10, -1/115 HPs)
             Began as a Human Berserker on Feb 15, 2017.
             Was a High Priest of Trog.
             Killed by divine providence
             ... invoked by an orc priest
              (13 damage)
             ... on level 7 of the Dungeon.
             The game lasted 00:30:10 (9551 turns).

jfizz the Slicer (Human Berserker)                  Turns: 9551, Time: 00:30:13

Health: -1/115     AC: 25    Str: 18      XL:     10   Next: 25%
Magic:  19/19      EV:  2    Int:  7 (8)  God:    Trog [*****.]
Gold:   311        SH:  0    Dex: 15      Spells: 9/9 levels left

rFire    . . .     SeeInvis .   Q - +0 long sword
rCold    . . .     Gourm    .   (armour currently unavailable)
rNeg     + + +     Faith    .   (no shield)
rPois    +         Spirit   .   (helmet currently unavailable)
rElec    .         Reflect  .   (cloak currently unavailable)
rCorr    .         Harm     .   (gloves currently unavailable)
MR       .....     NoTele   +   (boots currently unavailable)
Stlth    ++........             (no amulet)
Regen    0.3/turn               i - ring of magical power
MPRegen  0.2/turn               j - ring of flight

@: exhausted, tree-form, slowed, very slow
A: deterioration 1, (poison resistance)
a: Berserk, Trog's Hand, Brothers in Arms, Burn Spellbooks, Renounce Religion


You were on level 7 of the Dungeon.
You worshipped Trog.
Trog was extremely pleased with you.
You were hungry.
You were a tree.
You visited 1 branch of the dungeon, and saw 7 of its levels.

You collected 311 gold pieces.

Inventory:

Hand Weapons
 a - a +0 short sword
 t - a +1 vampiric falchion
 O - a +3 antimagic lajatang
 Q - a +0 long sword (weapon)
Missiles
 k - 321 stones (quivered)
Armour
 b - a +0 animal skin
 d - a +0 pair of gloves
 f - a +0 helmet (melded)
 p - a +1 pair of gloves (melded)
 q - a +0 chain mail (melded)
 r - a +2 scale mail of cold resistance
 C - a +0 cloak (melded)
Jewellery
 i - a ring of magical power (right branch)
 j - a ring of flight (left branch)
Wands
 x - a wand of paralysis (11/24)
 E - a wand of lightning (10/15)
 H - a wand of flame (28/48)
 J - a wand of lightning (10/15)
Scrolls
 e - 3 scrolls of remove curse
 g - 6 scrolls of teleportation
 l - a scroll of immolation {unknown}
 o - 2 scrolls of amnesia {unknown}
 s - a scroll of fear {unknown}
 v - 2 scrolls of enchant armour {unknown}
 y - a scroll of random uselessness {unknown}
 z - a scroll of blinking {unknown}
 A - 2 scrolls of fog {unknown}
 D - a scroll of enchant weapon {unknown}
 F - a scroll of recharging {unknown}
 G - a scroll of noise {unknown}
 R - a scroll of holy word {unknown}
 T - a scroll of identify
Potions
 h - a potion of degeneration
 m - 2 potions of haste
 n - a potion of ambrosia
 u - a potion of lignification
 B - 2 potions of curing
 K - 2 potions of brilliance {unknown}
 M - a potion of cancellation {unknown}
 N - 2 potions of agility {unknown}
Books
 P - a book of Flames

   Spells                             Type                      Level
   a - Flame Tongue                   Conjuration/Fire             1
   b - Throw Flame                    Conjuration/Fire             2
   c - Conjure Flame                  Conjuration/Fire             3
   d - Inner Flame                    Hexes/Fire                   3
   e - Sticky Flame                   Conjuration/Fire             4
   f - Fireball                       Conjuration/Fire             5
   Trog disapproves of the use of such an item.
 S - a book of Cantrips

   Spells                             Type                      Level
   a - Confusing Touch                Hexes                        1
   b - Animate Skeleton               Necromancy                   1
   c - Summon Small Mammal            Summoning                    1
   d - Apportation                    Translocation                1
   Trog disapproves of the use of such an item.
Comestibles
 c - 6 bread rations
 w - 3 fruits
 I - 2 royal jellies
 L - a meat ration


   Skills:
 + Level 6.5 Fighting
 + Level 9.2(9.5) Short Blades
 + Level 3.4(6.8) Long Blades
 + Level 1.9 Throwing
 + Level 6.8 Armour
 + Level 4.8 Dodging
 + Level 1.8 Stealth


You had 9 spell levels left.
You didn't know any spells.

Dungeon Overview and Level Annotations

Branches:
Dungeon (7/15)             Temple (0/1) D:5

Altars:
Elyvilon
Hepliaklqana
Makhleb
Okawaru
Qazlal
Vehumet
Xom
Yredelemnul


Innate Abilities, Weirdness & Mutations

Your body sometimes deteriorates upon taking damage.
((Your system is resistant to poisons. (rPois)))


Message History

The spriggan baker is almost dead.
The orc priest hits you but does no damage.
The spriggan baker hits you but does no damage.
The orc priest hits you but does no damage.
You hit the spriggan baker.
You kill the spriggan baker!
Trog accepts your kill.
The orc priest hits you but does no damage.
You cannot move.
You completely miss the orc priest.
The orc priest is severely wounded.
The orc priest hits you but does no damage. x2
You hit the orc priest but do no damage.
The orc priest is severely wounded.
The orc priest calls down the wrath of Beogh upon you.
Beogh smites you!
* * * LOW HITPOINT WARNING * * *
The orc priest calls down the wrath of Beogh upon you.
Beogh smites you!
You die...

#.####..##..#
#.# ##....#
#.# #...## #
#.# ##..##
#... ##....###
##..
##.........
#....
##..###......
#...(.####..##
#.....
......)♣..[##
#....
......o)..##
#...
.........##
... ...##.....
## #####.# .#
##


You could see an orc priest.

Vanquished Creatures
  The ghost of lunkers the Magician, a novice SpVM (D:5)
  Grinder (D:3)
  The ghost of InitiateZ the Digger, an amateur GrEE (D:4)
  A spriggan (D:7)
  Menkaure (D:4)
  A phantom (D:6)
  2 orc warriors
  2 sky beasts (D:6)
  2 ogres
  2 centaurs (D:6)
  3 bullfrogs (D:6)
  A water moccasin zombie (D:6)
  3 scorpions
  A crimson imp (D:6)
  A centaur zombie (D:5)
  4 hounds
  A jelly (D:5)
  A bullfrog skeleton (D:4)
  5 orc priests
  Terence (D:3)
  4 iguanas
  Natasha (thrice) (D:4)
  10 orc wizards
  4 worker ants
  A howler monkey zombie (D:5)
  Robin (D:3)
  14 adders
  8 river rats (D:6)
  A shadow imp (D:6)
  An ooze (D:6)
  An adder skeleton (D:5)
  4 worms
  3 dart slugs
  6 leopard geckos
  41 orcs
  11 bats
  7 giant cockroaches
  15 goblins
  19 hobgoblins
  10 jackals
  9 kobolds
  12 quokkas
  A ball python (D:4)
  5 frilled lizards
  A jackal zombie (D:5)
  28 rats
255 creatures vanquished.

Vanquished Creatures (others)
  A worm (D:2)
  A hobgoblin (D:2)
2 creatures vanquished.

Grand Total: 257 creatures vanquished

Notes
Turn   | Place    | Note
-------+----------+-------------------------------------------
     0 | D:1      | jfizz the Human Berserker began the quest for the Orb.
     0 | D:1      | Reached XP level 1. HP: 18/18 MP: 1/1
    93 | D:1      | Reached XP level 2. HP: 24/24 MP: 2/2
   698 | D:1      | Reached XP level 3. HP: 27/29 MP: 3/3
   991 | D:1      | Reached ** piety under Trog
  1308 | D:2      | Reached XP level 4. HP: 15/35 MP: 4/4
  1556 | D:2      | Found a radiant altar of Vehumet.
  1611 | D:2      | Reached skill level 4 in Short Blades
  2394 | D:2      | Reached XP level 5. HP: 35/41 MP: 5/5
  2466 | D:3      | Found a basalt altar of Yredelemnul.
  2466 | D:3      | Found a stormy altar of Qazlal.
  2477 | D:3      | Found a faded altar of an unknown god.
  2479 | D:3      | Found a hazy altar of Hepliaklqana.
  2481 | D:3      | Found a burning altar of Makhleb.
  2722 | D:3      | Noticed Terence
  2754 | D:3      | Killed Terence
  2811 | D:3      | Noticed Grinder
  2812 | D:3      | Paralysed by Grinder for 5 turns
  2838 | D:3      | Killed Grinder
  2838 | D:3      | Reached skill level 5 in Short Blades
  2838 | D:3      | Reached skill level 1 in Throwing
  2838 | D:3      | Reached XP level 6. HP: 6/48 MP: 6/6
  3318 | D:3      | Noticed an ogre
  3329 | D:3      | Killed an ogre
  3329 | D:3      | Reached XP level 7. HP: 10/54 MP: 7/7
  3475 | D:3      | Reached *** piety under Trog
  3636 | D:3      | Noticed Robin
  3649 | D:3      | Killed Robin
  3778 | D:3      | Found a white marble altar of Elyvilon.
  4043 | D:3      | Gained mutation: You are resistant to electric shocks. (rElec) [potion of mutation]
  4043 | D:3      | Gained mutation: You have sharp toenails. [potion of mutation]
  4043 | D:3      | Gained mutation: You are partially covered in icy blue scales. (AC +2) [potion of mutation]
  4044 | D:3      | Lost mutation: You are resistant to electric shocks. (rElec) [potion of mutation]
  4044 | D:3      | Lost mutation: You are partially covered in icy blue scales. (AC +2) [potion of mutation]
  4044 | D:3      | Lost mutation: You have sharp toenails. [potion of mutation]
  4044 | D:3      | Gained mutation: Your body sometimes deteriorates upon taking damage. [potion of mutation]
  4044 | D:3      | Gained mutation: Your system is resistant to poisons. (rPois) [potion of mutation]
  4195 | D:4      | Noticed InitiateZ's ghost (amateur GrEE)
  4223 | D:4      | Killed InitiateZ's ghost
  4223 | D:4      | Reached skill level 6 in Short Blades
  4223 | D:4      | Reached XP level 8. HP: 55/61 MP: 8/8
  4346 | D:4      | Noticed Natasha
  4357 | D:4      | Killed Natasha
  4584 | D:4      | Noticed Natasha
  4592 | D:4      | Killed Natasha
  4660 | D:4      | Reached **** piety under Trog
  4660 | D:4      | Reached skill level 5 in Fighting
  5070 | D:4      | Reached skill level 7 in Short Blades
  5179 | D:4      | Noticed Menkaure
  5194 | D:4      | Killed Menkaure
  5503 | D:4      | Reached skill level 5 in Armour
  5503 | D:4      | Reached XP level 9. HP: 68/68 MP: 9/9
  5505 | D:4      | Noticed Natasha
  5521 | D:4      | Killed Natasha
  6006 | D:5      | Entered Level 5 of the Dungeon
  6149 | D:5      | Reached skill level 8 in Short Blades
  6173 | D:5      | Found a staircase to the Ecumenical Temple.
  6330 | D:5      | Reached ***** piety under Trog
  6403 | D:5      | Noticed lunkers's ghost (novice SpVM)
  6418 | D:5      | Killed lunkers's ghost
  6418 | D:5      | Reached skill level 1 in Stealth
  6556 | D:5      | Found a shimmering altar of Xom.
  8023 | D:6      | Found an iron altar of Okawaru.
  8311 | D:6      | Received a gift from Trog
  8374 | D:6      | Reached skill level 9 in Short Blades
  8719 | D:6      | Reached XP level 10. HP: 68/76 MP: 10/10
  8947 | D:6      | Reached skill level 1 in Long Blades
  9551 | D:7      | Killed from afar by an orc priest

Vault maps used:
D:1:      dpeg_arrival_solitude, serial_bayou, serial_bayou_shore_a,
          serial_bayou_pond_e, serial_bayou_pond_b, serial_bayou_lake_a,
          serial_bayou_pond_e, serial_bayou_pond_a
D:2:      fiery_altar_vehumet
D:3:      corexii_shack_village, lemuel_doored_altar,
          chequers_temple_overflow_minitemple, first_bread, grunt_ministairs_3,
          uniq_grinder, uniq_robin, uniq_terence
D:4:      guppyfry_early_orc_mine, uniq_natasha, uniq_menkaure
D:5:      minmay_temple_entry_mist, basic_altar
D:6:      lemuel_ratsnest, okawaru_ov_weapons_minmay
D:7:      led_sif_book, the_bakery

Skill      XL: |  1  2  3  4  5  6  7  8  9 10 |
---------------+-------------------------------+-----
Short Blades   | 4 5 6 7 9 |  9.2
Fighting       | 4 5 6 |  6.5
Throwing       | 1 |  1.9
Dodging        | 3 4 |  4.8
Armour         | 3 5 6 |  6.8
Stealth        | 1 |  1.8
Long Blades    | 3 |  3.4

Action                   |  1- 3 |  4- 6 |  7- 9 | 10-12 || total
-------------------------+-------+-------+-------+-------++-------
Melee: Short sword       |   113 |   224 |   907 |       ||  1244
       Long sword        |       |       |    12 |   203 ||   215
Throw: Stone             |    16 |     8 |    11 |     1 ||    36
Invok: Berserk           |       |     3 |    11 |     1 ||    15
  Use: Scroll            |       |       |     9 |       ||     9
       Potion            |       |       |     4 |     1 ||     5
  Eat: Chunk             |     1 |     8 |    13 |     2 ||    24
       Bread ration      |       |       |     3 |       ||     3
       Meat ration       |       |       |     1 |       ||     1
Armor: Animal skin       |    34 |    28 |       |       ||    62
       Chain mail        |       |    59 |   364 |   125 ||   548
       Skin              |       |       |       |    12 ||    12
Dodge: Dodged            |    68 |   108 |   287 |   138 ||   601
       Rpst.: Long sword |       |       |     4 |    44 ||    48
